 Dungeon Crawl Stone Soup version 0.21-a0-437-ge5bf024 (webtiles) character file.

522 Madydog the Slasher (level 6, -5/51 HPs)
             Began as a Demigod Fighter on Nov 8, 2017.
             Slain by Eustachio
             ... wielding a +4 rapier of speed
              (6 damage)
             ... on level 5 of the Dungeon on Nov 9, 2017.
             The game lasted 00:06:49 (2407 turns).

Madydog the Slasher (Demigod Fighter)               Turns: 2407, Time: 00:06:50

Health: -5/51      AC:  7    Str: 23    XL:     6   Next: 70%
Magic:  8/8        EV:  8    Int: 12    God:
Gold:   146        SH: 10    Dex: 15    Spells: 5/5 levels left

rFire    . . .     SeeInvis .   a - +0 long sword
rCold    . . .     Gourm    .   c - +0 shield
rNeg     . . .     Faith    .   b - +0 scale mail
rPois    .         Spirit   .   (no helmet)
rElec    .         Reflect  .   (no cloak)
rCorr    .         Harm     .   (no gloves)
MR       .....                  (no boots)
Stlth    ..........             (no amulet)
HPRegen  0.17/turn              (no ring)
MPRegen  0.11/turn              (no ring)

@: no status effects
A: high mp 1
a: no special abilities


You were on level 5 of the Dungeon.
You were not hungry.

You visited 1 branch of the dungeon, and saw 4 of its levels.

You collected 146 gold pieces.

Inventory:

Hand Weapons
 a - a +0 long sword (weapon)
Armour
 b - a +0 scale mail (worn)
 c - a +0 shield (worn)
Scrolls
 e - a scroll of magic mapping {unknown}
 k - 3 scrolls of identify {unknown}
 p - a scroll of enchant armour {unknown}
Potions
 d - 2 potions of might
 g - 2 potions of degeneration {unknown}
 h - a potion of ambrosia {unknown}
 i - a potion of berserk rage {unknown}
 l - a potion of invisibility {unknown}
 m - a potion of brilliance {unknown}
 o - a potion of flight {unknown}
 q - a potion of magic {unknown}
Books
 n - a book of Necromancy

   Spells                             Type                      Level
   a - Pain                           Necromancy                   1
   b - Animate Skeleton               Necromancy                   1
   c - Vampiric Draining              Necromancy                   3
   d - Regeneration                   Charms/Necromancy            3
   e - Animate Dead                   Necromancy                   4
   f - Control Undead                 Necromancy                   4
Comestibles
 f - a bread ration
 j - 16 fruits
 r - a chunk of flesh


   Skills:
 + Level 3.5 Fighting
 + Level 4.7 Long Blades
 + Level 4.3 Armour
 + Level 1.2 Dodging
 + Level 0.1 Stealth
 + Level 3.5 Shields


You had 5 spell levels left.
You didn't know any spells.

Dungeon Overview and Level Annotations

Branches:
Dungeon (5/15)
 Temple: D:4-7

Shops:
D:4 *   D:5 !

Annotations:
D:5 Eustachio


Innate Abilities, Weirdness & Mutations

You have an increased reservoir of magic. (+10% MP)


Message History

You hit the river rat.
The river rat is moderately wounded.
Eustachio casts a spell.
You block the river rat's attack.
You closely miss the river rat.
The river rat is moderately wounded.
The river rat barely misses you.
Eustachio gestures wildly while chanting.
Eustachio blinks!
You block the river rat's attack.
You barely miss Eustachio.
Eustachio is severely wounded.
You block Eustachio's attack. The river rat barely misses you.
You riposte.
You barely miss the river rat.
The river rat is moderately wounded.
You closely miss Eustachio.
Eustachio is severely wounded.
You block Eustachio's attack. The river rat bites you.
* * * LOW HITPOINT WARNING * * *
Eustachio hits you with a rapier of speed.
You die...

#.# ## #.# #.# #.#
### ### #.# #.. #..
#)# #.# #.# #r# #.#
###r####[####
#..@.5.5....########
#.#@.###.##.........
...#......###########
### #..##### #..#
#..# #..# #..# ....


You could see Eustachio, a river rat, a shadow imp, an ufetubus and a quokka.

Vanquished Creatures
  2 ogres
  Blork the orc (D:4)
  2 water moccasin zombies (D:5)
  A howler monkey (D:4)
  2 hounds (D:5)
  A worker ant (D:5)
  A hound skeleton (D:5)
  An adder (D:2)
  A shadow imp (D:5)
  4 dart slugs
  3 giant cockroaches (D:1)
  A goblin (D:1)
  A hobgoblin (D:1)
  2 kobolds
  A quokka (D:5)
  3 bats (D:1)
  2 frilled lizards
  3 rats
32 creatures vanquished.

Notes
Turn   | Place    | Note
-------+----------+-------------------------------------------
     0 | D:1      | Madydog the Demigod Fighter began the quest for the Orb.
     0 | D:1      | Reached XP level 1. HP: 18/18 MP: 3/3
   232 | D:1      | Reached XP level 2. HP: 24/25 MP: 4/4
   798 | D:2      | Found a snail-covered altar of Cheibriados.
   841 | D:2      | Reached XP level 3. HP: 22/31 MP: 5/5
  1038 | D:2      | You fall through a shaft for 2 floors!
  1077 | D:4      | Found Gozag's Platinum Reserve.
  1081 | D:4      | Found an opulent altar of Gozag.
  1171 | D:4      | Noticed Blork the orc
  1181 | D:4      | Killed Blork the orc
  1181 | D:4      | Reached XP level 4. HP: 24/38 MP: 6/6
  1613 | D:4      | Noticed an ogre
  1619 | D:4      | Killed an ogre
  1619 | D:4      | Reached XP level 5. HP: 22/45 MP: 7/7
  1866 | D:5      | Entered Level 5 of the Dungeon
  1886 | D:5      | Reached skill level 1 in Dodging
  2123 | D:5      | Reached XP level 6. HP: 47/51 MP: 8/8
  2181 | D:5      | Found a sparkling altar of Nemelex Xobeh.
  2183 | D:5      | Found a white marble altar of Elyvilon.
  2328 | D:5      | Found Louplawk's Distillery.
  2372 | D:5      | Noticed Eustachio
  2407 | D:5      | HP: 1/51 [river rat[Eustachio] (3)]
  2407 | D:5      | Slain by Eustachio

Vault maps used:
D:1:      dpeg_arrival_rhombi, minmay_misc_feat_roman
D:2:      nicolae_overflow_crystal_walls, first_bread, doesnt_xom_only_xom
D:4:      corexii_item_surrounded_by_moat, dk_vineyard_3,
          nicolae_gozag_zags_fifth_avenue, uniq_blork_the_orc
D:5:      chequers_temple_overflow_statue_of_worship, serial_shops,
          nicolae_shop_statue_plus, uniq_eustachio

Skill      XL: |  1  2  3  4  5  6 |
---------------+-------------------+-----
Long Blades    | 2 3 4 |  4.7
Fighting       | 3 |  3.5
Armour         | 3 4 |  4.3
Shields        | 3 |  3.5
Dodging        | 1 |  1.2
Stealth        | |  0.1

Action                   |  1- 3 |  4- 6 || total
-------------------------+-------+-------++-------
Melee: Long sword        |    65 |   116 ||   181
  Eat: Chunk             |     1 |     4 ||     5
Armor: Scale mail        |    24 |    37 ||    61
Dodge: Dodged            |    19 |    40 ||    59
Block: Shield            |    25 |    68 ||    93
       Rpst.: Long sword |     4 |    14 ||    18

Table legend:
 A = Spawn XP
 B = Non-spawn XP
 C = Spawn XP percentage of total XP
 D = Spawn monster count
 E = Non-spawn monster count
 F = Spawn count percentage of total count
 G = Total turns spent on level
                    A         B        C        D         E        F      G
               +---------+---------+-------+---------+---------+-------+---------
         Total |       0 |     747 |   0.0 |       0 |      32 |   0.0 |  2407
               +---------+---------+-------+---------+---------+-------+---------
           D:1 |       0 |      32 |   0.0 |       0 |      15 |   0.0 |   738
           D:2 |       0 |      20 |   0.0 |       0 |       4 |   0.0 |   300
           D:4 |       0 |     268 |   0.0 |       0 |       3 |   0.0 |   828
           D:5 |       0 |     427 |   0.0 |       0 |      10 |   0.0 |   541
               +---------+---------+-------+---------+---------+-------+---------
